 Dungeon Crawl Stone Soup version 0.26.1-11-gd32895ea62 (webtiles) character file.

Game seed: 11044381682366225652

4830 McKennaii the Thaumaturge (level 10, -2/52 HPs)
             Began as a Deep Elf Conjurer on May 16, 2021.
             Slain by a wyvern (14 damage)
             ... on level 9 of the Dungeon.
             The game lasted 00:21:46 (13769 turns).

McKennaii the Thaumaturge (Deep Elf Conjurer)      Turns: 13769, Time: 00:21:47

Health: -2/52      AC: 21    Str:  4    XL:     10   Next: 25%
Magic:  6/29       EV: 10    Int: 27    God:
Gold:   52         SH:  9    Dex: 13    Spells: 26/35 levels left

rFire    . . .     SeeInvis +   t - +3 flail (protect)
rCold    . . .     Faith    .   G - +2 kite shield
rNeg     + . .     Spirit   .   F - +0 troll leather armour
rPois    +         Reflect  .   a - +2 helmet {SInv}
rElec    .         Harm     .   E - +0 cloak
rCorr    .         Rampage  .   w - +1 pair of gloves
Will     ++++.     Clarity  +   (no boots)
Stlth    ++........             h - amulet of the Four Winds {rN+ Will+++ Clar}
HPRegen  0.57/turn              u - ring of poison resistance
MPRegen  0.21/turn              o - +4 ring of protection

@: protection aura
A: no striking features
a: no special abilities


You were on level 9 of the Dungeon.
You visited 1 branch of the dungeon, and saw 10 of its levels.

You collected 643 gold pieces.
You spent 591 gold pieces at shops.

Inventory:

Hand Weapons
 t - a +3 flail of protection (weapon)
Armour
 a - a +2 helmet of see invisible (worn)
 w - a +1 pair of gloves (worn)
 E - a +0 cloak (worn)
 F - a +0 troll leather armour (worn)
 G - a +2 kite shield (worn)
Jewellery
 b - an uncursed ring of fire
 h - the amulet of the Four Winds (around neck) {rN+ Will+++ Clar}
   (You took it off a centaur on level 7 of the Dungeon)

   [amulet of nothing]

   It protects you from negative energy.
   It affects your willpower, your defense against some magical effects.
   It protects you against confusion.
 j - an uncursed ring of resist corrosion
 o - a +4 ring of protection (right hand)
 u - a ring of poison resistance (left hand)
 H - an uncursed amulet of guardian spirit {unknown}
Wands
 c - a wand of paralysis (2)
Scrolls
 d - 2 scrolls of identify
 e - 2 scrolls of enchant armour
 g - a scroll of magic mapping
 i - 4 scrolls of amnesia
 l - 4 scrolls of enchant weapon
 p - 2 scrolls of blinking {unknown}
 s - 4 scrolls of remove curse
 x - a scroll of holy word {unknown}
 y - a scroll of teleportation
 D - 2 scrolls of brand weapon {unknown}
Potions
 f - a potion of lignification
 k - 2 potions of flight {unknown}
 m - 2 potions of curing {unknown}
 n - a potion of brilliance {unknown}
 q - 2 potions of haste
 r - a potion of resistance {unknown}
 v - a potion of invisibility {unknown}
 z - 3 potions of might {unknown}
 A - a potion of mutation {unknown}
 B - 2 potions of degeneration
 C - a potion of heal wounds
 J - a potion of attraction {unknown}


   Skills:
 + Level 1.5 Fighting
 + Level 1.4 Armour
 + Level 4.6 Dodging
 + Level 3.8 Stealth
 * Level 2.0 Shields
 * Level 13.3 Spellcasting
 * Level 10.4 Conjurations
 + Level 3.0 Summonings
 + Level 0.4 Translocations


You had 26 spell levels left.
You knew the following spells:

 Your Spells              Type           Power        Failure   Level
a - Magic Dart            Conj           100%         1%          1
b - Blink                 Tloc           N/A          36%         2
c - Iskenderun's Mystic   Conj/Tloc      47%          30%         4
d - Call Imp              Summ           34%          12%         2

Your spell library contained the following spells:

 Spells                   Type           Power        Failure   Level
 Searing Ray              Conj           100%         1%          2
 Conjure Flame            Conj/Fire      46%          10%         3
 Dazzling Flash           Conj/Hex       92%          10%         3
 Mephitic Cloud           Conj/Pois/Air  36%          21%         3
 Fulminant Prism          Conj/Hex       23%          32%         4
 Slow                     Hex            18%          38%         2
 Gell's Gravitas          Tloc           10%          58%         3
 Confusing Touch          Hex            18%          63%         3
 Petrify                  Tmut/Erth      18%          95%         4
 Metabolic Englaciation   Hex/Ice        9%           100%        5
 Yara's Violent Unravell  Hex/Tmut       9%           100%        5


Dungeon Overview and Level Annotations

Branches:
Dungeon (10/15)            Temple (0/1) D:4
   Lair: D:8-11         Orc: D:9-12

Altars:
Ashenzari
Fedhas
Gozag
Nemelex Xobeh
Qazlal
Ru
Sif Muna
Xom

Shops:
D:9 **=[(

Annotations:
D:7 Dowan, Duvessa


Message History

The killer bee is almost dead.
The killer bee stings you but does no damage.
You block the wyvern's attack. You block the killer bee's attack.
The wyvern barely misses you.
Your white imp barely misses the killer bee.
The killer bee stings you but does no damage.
The wyvern bites you.
* * * LOW HITPOINT WARNING * * *
Unknown command.
Unknown command.
Unknown command.
Unknown command.
Unknown command.
Unknown command.
The killer bee stings you but does no damage.
Unknown command.
The killer bee stings you.
* * * LOW HITPOINT WARNING * * *
The wyvern bites you!
You die...

...#...##..#........#...#.......#
####...#...'........#...#.......#
.......#...#........#...#.....#.#
.......#[..#........#...#......∩.
.......#...##########...#.....#.#
......##...........>....#........
......#............†....#........
......##....#####l......#........
#'##...#....#...@y5..####........
...#...#....'...#....#...........
...#...#....#...#....#.........##
...#...#...)#####....#.........#
...#...#.............###.......#
...#...#...............#.......#
...#...#.............∩.#.......#
...#...##'#######.....##.......#
..##............#.....#........#


You could see a wyvern, a killer bee and a friendly white imp (summoned).

Vanquished Creatures
  A two-headed ogre (D:8)
  A troll (D:9)
  A yak (D:10)
  3 water moccasins
  4 sky beasts
  An ice beast (D:5)
  6 necrophages
  An ogre (D:6)
  3 centaurs
  4 bullfrogs
  5 scorpions
  5 killer bees
  4 wights (D:9)
  3 bullfrog zombies
  5 hounds
  4 jellies
  10 orc wizards
  5 orc priests
  4 bullfrog skeletons
  2 iguanas (D:9)
  5 worker ants
  A hound zombie (D:9)
  2 mummies (D:9)
  A hound skeleton (D:4)
  2 gnolls
  A worker ant zombie (D:9)
  7 adders
  A shadow imp (D:2)
  4 white imps
  4 ufetubi
  4 oozes
  5 worms
  2 dart slugs
  6 leopard geckos
  39 orcs
  2 ball pythons
  A giant cockroach (D:7)
  8 hobgoblins
  2 jackals (D:5)
  7 kobolds
  3 quokkas
  9 bats
  5 frilled lizards
  8 goblins
  A quokka skeleton (D:8)
  A quokka zombie (D:6)
  11 rats
214 creatures vanquished.

Vanquished Creatures (collateral kills)
  A troll (D:9)
  2 killer bees (D:7)
  3 howler monkeys (D:10)
  An orc (D:9)
7 creatures vanquished.

Vanquished Creatures (others)
  41 fungi (D:10)
  47 plants
88 creatures vanquished.

Grand Total: 309 creatures vanquished

Notes
Turn   | Place    | Note
-------+----------+-------------------------------------------
     0 | D:1      | McKennaii the Deep Elf Conjurer began the quest for the
                  | Orb.
     0 | D:1      | Reached XP level 1. HP: 10/10 MP: 6/6
   275 | D:1      | Reached XP level 2. HP: 15/15 MP: 5/8
   379 | D:1      | Reached skill level 5 in Conjurations
   864 | D:1      | Reached XP level 3. HP: 19/19 MP: 5/9
  1715 | D:2      | Found a shimmering blue altar of Sif Muna.
  1881 | D:2      | Reached XP level 4. HP: 24/24 MP: 9/11
  2194 | D:2      | Found a sacrificial altar of Ru.
  2194 | D:2      | Found a stormy altar of Qazlal.
  2645 | D:3      | Found a blossoming altar of Fedhas.
  2695 | D:3      | Reached skill level 4 in Spellcasting
  2700 | D:3      | Reached XP level 5. HP: 28/28 MP: 1/13
  3939 | D:4      | Reached skill level 5 in Spellcasting
  4007 | D:4      | Reached XP level 6. HP: 27/32 MP: 0/16
  4275 | D:4      | Reached skill level 6 in Spellcasting
  4559 | D:4      | Found a staircase to the Ecumenical Temple.
  4931 | D:5      | Entered Level 5 of the Dungeon
  5093 | D:5      | Noticed an ice beast
  5101 | D:5      | Killed an ice beast
  5102 | D:5      | Reached XP level 7. HP: 36/36 MP: 11/19
  5327 | D:5      | Reached skill level 7 in Spellcasting
  6864 | D:6      | Reached skill level 8 in Spellcasting
  7222 | D:6      | Reached XP level 8. HP: 37/41 MP: 15/22
  7873 | D:6      | Reached skill level 9 in Spellcasting
  8444 | D:7      | Found a sparkling altar of Nemelex Xobeh.
  8457 | D:7      | Noticed Duvessa
  8464 | D:7      | Noticed Dowan
  8772 | D:7      | Learned a level 2 spell: Blink
  8777 | D:7      | Learned a level 4 spell: Iskenderun's Mystic Blast
  8780 | D:7      | Learned a level 2 spell: Call Imp
  8905 | D:7      | Reached skill level 10 in Spellcasting
  9085 | D:7      | Reached skill level 1 in Summonings
  9100 | D:7      | HP: 2/41 [killer bee (10)]
  9371 | D:7      | Found an opulent altar of Gozag.
  9371 | D:7      | Found a broken altar of Ashenzari.
  9757 | D:7      | Found a shimmering altar of Xom.
 10152 | D:8      | Noticed a two-headed ogre
 10195 | D:8      | Killed a two-headed ogre
 10196 | D:8      | Reached skill level 11 in Spellcasting
 10196 | D:8      | Reached XP level 9. HP: 19/46 MP: 6/26
 10655 | D:8      | Got a transparent falchion
 10656 | D:8      | Identified the +6 falchion "Sikid" {vorpal, +Inv Will+
                  | Str-3} (You found it on level 8 of the Dungeon)
 11052 | D:8      | Reached skill level 1 in Fighting
 11281 | D:9      | Noticed a troll
 11307 | D:9      | Reached skill level 12 in Spellcasting
 11393 | D:9      | Killed a troll
 11444 | D:9      | Reached skill level 10 in Conjurations
 11837 | D:9      | Reached skill level 13 in Spellcasting
 12074 | D:9      | Found Fumuet's Jewellery Shop.
 12215 | D:9      | Found Dighipome's Antique Armour Shoppe.
 12223 | D:9      | Bought a glowing helmet for 202 gold pieces
 12223 | D:9      | Bought a cloak for 121 gold pieces
 12223 | D:9      | Bought a runed kite shield for 202 gold pieces
 12459 | D:9      | Found Jugeumayr's General Store.
 12468 | D:9      | Bought a potion of degeneration for 12 gold pieces
 12534 | D:9      | Noticed a troll
 12590 | D:9      | Killed a troll
 12591 | D:9      | Reached XP level 10. HP: 25/52 MP: 11/29
 12979 | D:9      | Found Guxeiq's Antique Weapon Shop.
 12998 | D:9      | Reached skill level 1 in Armour
 13139 | D:9      | Found Lekkiu's Assorted Antiques.
 13142 | D:9      | Bought a scroll of teleportation for 54 gold pieces
 13218 | D:9      | Got a bloodstained leather armour
 13229 | D:9      | Identified the cursed +1 leather armour "Ryics" {rN+} (You
                  | found it on level 9 of the Dungeon)
 13364 | D:10     | Entered Level 10 of the Dungeon
 13457 | D:10     | Reached skill level 1 in Shields
 13769 | D:9      | Slain by a wyvern

Illustrated notes

Levels and vault maps discovered:
D:1:      giann_wishing_wells, layout_basic
D:2:      layout_basic, chequers_temple_overflow_statue_of_worship,
          overflow_temple_1_default
D:3:      layout_basic, fedhas_ov_isle_minmay
D:4:      layout_rooms, minmay_temple_entry_overgrown
D:5:      layout_cave_pods, minmay_circle_x
D:6:      layout_loops_corners
D:7:      layout_rooms, general_overflow_altar, amethyst_overflow_temple_binary,
          nemelex_xobeh_ov_fountains_minmay, uniq_duvessa
D:8:      layout_loops_ring, grunt_ministairs_2
D:9:      layout_irregular_city, serial_undead, serial_undead_d,
          serial_undead_e, serial_undead_a, serial_undead_d, serial_shops,
          nicolae_shop_crystal, shop, kennysheep_mini, shop, shop,
          minmay_statues_item, nicolae_two_hexagons, hangedman_minor_gate_pass
D:10:     layout_cave_pools, due_lair_maze_entry_diamond, basic_altar,
          serial_shops, shop

Skill      XL: |  1  2  3  4  5  6  7  8  9 10 |
---------------+-------------------------------+-----
Conjurations   | 5 6 7 8 9 10 | 10.4
Spellcasting   | 4 5 6 8 11 13 | 13.3
Stealth        | 3 |  3.8
Dodging        | 3 4 |  4.6
Summonings     | 2 3 |  3.0
Fighting       | 1 |  1.5
Armour         | 1 |  1.4
Shields        | 2 |  2.0
Translocations | |  0.4

Action                   |  1- 3 |  4- 6 |  7- 9 | 10-12 || total
-------------------------+-------+-------+-------+-------++-------
Melee: Unarmed           |     6 |     7 |       |       ||    13
       Flail             |       |     2 |    21 |     9 ||    32
 Cast: Magic Dart        |    75 |   201 |   483 |   114 ||   873
       Call Imp          |       |       |    46 |    11 ||    57
       Iskenderun's Myst |       |       |     5 |       ||     5
  Use: Scroll            |     1 |       |    13 |     1 ||    15
       Potion            |       |       |     4 |     1 ||     5
 Stab: Distracted        |       |       |     1 |       ||     1
Armor: Robe              |     3 |    13 |    58 |       ||    74
       Skin              |       |       |    27 |       ||    27
       Troll leather arm |       |       |    17 |    40 ||    57
       Leather armour    |       |       |       |     2 ||     2
Dodge: Dodged            |     4 |    27 |   142 |    38 ||   211
Block: Kite shield       |       |       |    17 |    57 ||    74
